 Dungeon Crawl Stone Soup version 0.25-a0-645-gb4487340cb (webtiles) character file.

Game seed: 2861729361089237025, levelgen mode: deterministic

1595 ReteAZ the Carver (level 8, 0/65 HPs)
             Began as a Barachi Fighter on Mar 21, 2020.
             Was an Initiate of Okawaru.
             Slain by an orc warrior
             ... wielding a +0 battleaxe
              (19 damage)
             ... on level 6 of the Dungeon.
             The game lasted 00:10:26 (5366 turns).

ReteAZ the Carver (Barachi Fighter)                 Turns: 5366, Time: 00:10:26

Health: 0/65       AC:  8    Str: 17    XL:     8   Next: 93%
Magic:  8/8        EV:  9    Int:  8    God:    Okawaru [......]
Gold:   297        SH: 10    Dex: 15    Spells: 7/7 levels left

rFire    + . .     SeeInvis .   a - +0 long sword
rCold    + . .     Gourm    .   c - +0 kite shield
rNeg     . . .     Faith    .   b - +0 scale mail
rPois    +         Spirit   .   (no helmet)
rElec    +         Reflect  .   (no cloak)
rCorr    +         Harm     .   d - +0 pair of gloves
MR       .....                  (no boots)
Stlth    ..........             u - amulet of regeneration
HPRegen  0.60/turn              (no ring)
MPRegen  0.11/turn              r - ring of resist corrosion

@: lethally poisoned (0 -> -1), resistant, slow
A: +LOS, swims, slowness 1, strong legs 1
a: Hop, Renounce Religion


You were on level 6 of the Dungeon.
You worshipped Okawaru.
Okawaru was noncommittal.
You were very hungry.

You visited 2 branches of the dungeon, and saw 7 of its levels.

You collected 297 gold pieces.

Inventory:

Hand Weapons
 a - a +0 long sword (weapon)
 e - a +1 short sword of draining
Armour
 b - a +0 scale mail (worn)
 c - a +0 kite shield (worn)
 d - a +0 pair of gloves (worn)
 k - a +0 buckler
 m - a +0 chain mail
 w - a +0 leather armour of positive energy
Jewellery
 r - a ring of resist corrosion (right hand)
 u - an amulet of regeneration (around neck)
Scrolls
 g - a scroll of fog {unknown}
 j - 2 scrolls of teleportation
 l - a scroll of enchant armour {unknown}
 n - 10 scrolls of identify
 o - a scroll of immolation {unknown}
 s - 3 scrolls of remove curse
 t - 3 scrolls of enchant weapon {unknown}
 v - a scroll of amnesia {unknown}
 y - a scroll of magic mapping {unknown}
Potions
 i - a potion of resistance
 p - 2 potions of haste
 q - a potion of invisibility {unknown}
 z - a potion of stabbing
Comestibles
 f - 7 rations


   Skills:
 + Level 6.9 Fighting
 * Level 8.7 Long Blades
 - Level 6.0 Armour
 + Level 2.8 Dodging
 - Level 6.0 Shields


You had 7 spell levels left.
You didn't know any spells.
Your spell library contained the following spells:

 Spells                   Type           Power        Failure   Level  Hunger
 Magic Dart               Conj           #...         99%         1    ##.....
 Blink                    Tloc           N/A          99%         2    ###....
 Call Imp                 Summ           #.......     99%         2    ###....
 Slow                     Hex            #.......     99%         2    ###....
 Conjure Flame            Conj/Fire      #.......     100%        3    ####...
 Mephitic Cloud           Conj/Pois/Air  #.......     100%        3    ####...


Dungeon Overview and Level Annotations

Branches:
Dungeon (6/15)             Temple (1/1) D:6

Altars:
Ashenzari
Cheibriados
Dithmenos
Elyvilon
Fedhas
Gozag
Hepliaklqana
Kikubaaqudgha
Makhleb
Nemelex Xobeh
Okawaru
Qazlal
Ru
Trog
Uskayaw
Xom
Yredelemnul
The Shining One

Annotations:
D:4 3 runed translucent doors, wub's ghost, amateur GnCK


Innate Abilities, Weirdness & Mutations

You can be seen from farther away. (+LOS)
You can swim through water.
You cover ground slowly.
You can hop short distances.


Message History

You block the orc warrior's attack.
You slash the ice beast!
The ice beast is heavily wounded.
You block the ice beast's attack.
You closely miss the ice beast.
The ice beast is heavily wounded.
You feel sick. You block the orc warrior's attack. The ice beast hits you.
* * * LOW HITPOINT WARNING * * *
The ice beast freezes you! You resist.
* * * LOW HITPOINT WARNING * * *
You slash the ice beast!
The ice beast is almost dead.
You feel sick.
A centaur comes into view.
The orc warrior hits you with a +0 battleaxe.
* * * LOW HITPOINT WARNING * * *
You block the ice beast's attack.
The centaur moves out of view.
You feel much better.
You feel sick. You block the ice beast's attack.
The orc warrior hits you with a +0 battleaxe!!
You die...

#..... ...#..................
...#.##..##..##......†.......
.....#....#..#....#..?.......
...............#.###.......##
...#......##.##..###..####...
....<.....#.##...##o...###...
...........##....##.........
...........###.>.o#..........
...........###..@Y)#.........
......###...#...##...........
........#......####..........
).......#.......####...#.....
..............#....#.........
(............#.##...#......a
..##...........##...........
.###.......##..##.##.......
###.........##....# ......


You could see an orc warrior and an ice beast.

Vanquished Creatures
  Sigmund (D:3)
  A necrophage (D:5)
  4 ogres
  A centaur (D:5)
  Blork the orc (D:4)
  A wyvern skeleton (D:6)
  5 crimson imps
  A howler monkey (D:6)
  3 orc wizards
  An orc priest (D:6)
  A hound (D:5)
  A jelly (D:6)
  3 iguanas
  3 worker ants
  2 hound skeletons
  10 adders
  3 gnolls (D:2)
  A shadow imp (D:6)
  An ooze (D:2)
  3 worms
  2 dart slugs
  4 leopard geckos
  20 orcs
  A ball python (D:2)
  6 bats
  3 giant cockroaches
  9 goblins
  8 hobgoblins
  5 jackals
  3 quokkas
  10 frilled lizards
  6 kobolds
  A leopard gecko zombie (D:5)
  9 rats
134 creatures vanquished.

Notes
Turn   | Place    | Note
-------+----------+-------------------------------------------
     0 | D:1      | ReteAZ the Barachi Fighter began the quest for the Orb.
     0 | D:1      | Reached XP level 1. HP: 18/18 MP: 1/1
   104 | D:1      | Reached XP level 2. HP: 8/25 MP: 2/2
   383 | D:1      | Reached skill level 3 in Long Blades
   645 | D:1      | Reached XP level 3. HP: 30/30 MP: 3/3
   959 | D:2      | Found an ancient bone altar of Kikubaaqudgha.
   982 | D:2      | Reached XP level 4. HP: 32/37 MP: 4/4
   998 | D:2      | You fall into a shaft and drop 2 floors!
  1188 | D:4      | Reached skill level 4 in Long Blades
  1238 | D:2      | Found a hide-covered altar of Uskayaw.
  1243 | D:2      | Reached XP level 5. HP: 13/43 MP: 5/5
  2386 | D:3      | Reached skill level 5 in Long Blades
  2386 | D:3      | Reached XP level 6. HP: 49/49 MP: 6/6
  2425 | D:3      | Found a snail-covered altar of Cheibriados.
  2714 | D:3      | Noticed Sigmund
  2726 | D:3      | Killed Sigmund
  2726 | D:3      | Reached skill level 5 in Fighting
  2726 | D:3      | Reached skill level 5 in Armour
  3052 | D:4      | Reached XP level 7. HP: 52/56 MP: 7/7
  3081 | D:4      | Noticed Blork the orc
  3105 | D:4      | Killed Blork the orc
  3105 | D:4      | Reached skill level 6 in Long Blades
  3212 | D:4      | Noticed wub's ghost (amateur GnCK)
  3250 | D:4      | Found a runed translucent gate.
  3250 | D:4      | Found a runed translucent gate.
  3250 | D:4      | Found a runed translucent gate.
  3663 | D:4      | Found a glowing golden altar of the Shining One.
  3867 | D:5      | Entered Level 5 of the Dungeon
  3948 | D:5      | Reached skill level 5 in Shields
  4201 | D:5      | Found a shimmering altar of Xom.
  4309 | D:5      | Reached skill level 7 in Long Blades
  4340 | D:5      | Reached XP level 8. HP: 62/62 MP: 8/8
  4808 | D:6      | Reached skill level 1 in Dodging
  4990 | D:5      | Reached skill level 8 in Long Blades
  5224 | D:6      | Found a blossoming altar of Fedhas.
  5239 | D:6      | Found a staircase to the Ecumenical Temple.
  5262 | Temple   | Entered the Ecumenical Temple
  5276 | Temple   | Became a worshipper of Warmaster Okawaru
  5366 | D:6      | Slain by an orc warrior

Levels and vault maps discovered:
D:1:      onia_arrival_mini_maze_b, layout_rooms
D:2:      layout_basic, eat_drink_and_be_merry_uskayaw, lemuel_doored_altar
D:3:      layout_rooms, cheibriados_altar_1, minmay_circle_x, uniq_sigmund
D:4:      layout_loops_ring, kennysheep_mini_moat, gammafunk_ghost_icy,
          feat_on_display, uniq_blork_the_orc
D:5:      layout_loops_cross, first_ration, xom_teletrap_fun
D:6:      layout_cave_pools, overflow_temple_1_default,
          nicolae_overflow_crystal_walls, minmay_temple_entry_wispy,
          basic_altar, hangedman_decor_peaks_small, st_stairs_14
Temple:   cyrus_circular_temple

Skill      XL: |  1  2  3  4  5  6  7  8 |
---------------+-------------------------+-----
Long Blades    | 3 4 5 7 8 |  8.7
Fighting       | 4 5 6 |  6.9
Armour         | 4 5 6 |  6.0
Shields        | 4 5 6 |  6.0
Dodging        | 2 |  2.8

Action                   |  1- 3 |  4- 6 |  7- 9 || total
-------------------------+-------+-------+-------++-------
Melee: Long sword        |    22 |       |    42 ||    64
       Short sword       |    72 |   250 |   493 ||   815
Throw: Javelin           |       |       |    10 ||    10
       Throwing net      |       |       |     2 ||     2
  Use: Potion            |       |     1 |     6 ||     7
       Scroll            |       |       |     3 ||     3
 Stab: Held in net/web   |       |       |     1 ||     1
  Eat: Chunk             |     1 |     7 |     5 ||    13
       Ration            |       |       |     1 ||     1
Armor: Scale mail        |    47 |     3 |   127 ||   177
       Chain mail        |       |   106 |     8 ||   114
       Leather armour    |       |     1 |       ||     1
Dodge: Dodged            |    31 |    56 |   128 ||   215
Block: Kite shield       |    49 |   108 |   198 ||   355
       Rpst.: Long sword |     4 |       |     5 ||     9

Table legend:
 A = Non-vault XP
 B = Vault XP
 C = Vault XP percentage of total XP
 D = Non-vault monster count
 E = Vault monster count
 F = Vault count percentage of total count
                 A         B        C        D         E       F
            +---------+---------+-------+---------+---------+-------
      Total |    1855 |     424 |  18.6 |     126 |       8 |   6.0
            +---------+---------+-------+---------+---------+-------
        D:1 |      38 |       0 |   0.0 |      20 |       0 |   0.0
        D:2 |     163 |       0 |   0.0 |      33 |       0 |   0.0
        D:3 |      75 |     244 |  76.5 |      23 |       6 |  20.7
        D:4 |     167 |      96 |  36.5 |      14 |       1 |   6.7
        D:5 |     869 |       0 |   0.0 |      22 |       0 |   0.0
        D:6 |     543 |      84 |  13.4 |      14 |       1 |   6.7
            +---------+---------+-------+---------+---------+-------
